Map: 블랙번 - 래더

Players

DRG - Winner!

  • Race: Zerg Zerg

Zoun

  • Race: Protoss Protoss
  • League: Master

Event: DreamHack SC2 Masters Last Chance 2022

VOD

Have the link to the VOD?

Description

Time

  • Played on: Dec. 19, 2021, 7:04 p.m.
  • Length: 8:23

All games in this series

Show
View Real Time Build Order
Export as new Build Order

DRG Zerg - Winner!

Build Orders: Hatch First 

Get SALT Encoding   

  12  0:00  Drone  
  13  0:12  Overlord  
  13  0:16  Drone  
  14  0:30  Drone x2  
  14  0:34  Drone  
  17  0:52  Hatchery  
  17  0:54  Drone  
  17  0:58  Drone  
  18  1:09  Extractor  
  17  1:13  Spawning Pool  
  17  1:16  Drone  
  17  1:20  Drone  
  18  1:28  Drone  
  19  1:38  Drone  
  20  1:49  Drone  
  21  2:01  Zergling x2  
  21  2:03  Queen x2  
  21  2:04  Overlord  
  26  2:10  Drone  
  26  2:13  Metabolic Boost  
  27  2:15  Drone  
  28  2:24  Drone  
  28  2:26  Drone  
  30  2:35  Hatchery  
  29  2:37  Drone  
  29  2:38  Drone  
  30  2:45  Queen  
  30  2:48  Zergling x2  
  30  2:49  Zergling x2  
  34  2:53  Overlord  
  34  2:58  Overlord  
  34  3:05  Overlord  
  34  3:08  Queen  
  36  3:14  Drone x4  
  36  3:17  Drone  
  42  3:20  Drone x2  
  42  3:26  Queen  
  45  3:28  Spore Crawler  
  45  3:29  Drone  
  45  3:33  Drone  
  47  3:34  Drone  
  47  3:35  Drone  
  48  3:43  Overlord  
  48  3:44  Drone x3  
  51  3:48  Queen  
  51  3:55  Drone x4  
  57  3:59  Roach Warren  
  57  4:00  Drone  
  57  4:02  Drone  
  58  4:06  Zergling x4  
  58  4:08  Drone  
  62  4:10  Drone x2  
  62  4:12  Spore Crawler  
  62  4:14  Overlord  
  62  4:16  Drone  
  63  4:19  Spore Crawler  
  63  4:21  Zergling x4  
  63  4:23  Extractor  
  63  4:24  Zergling x4  
  63  4:30  Overlord  
  65  4:40  Roach x4  
  65  4:41  Overlord  
  65  4:43  Overlord  
  65  4:44  Lair  
  73  4:51  Drone  
  73  4:55  Extractor  
  73  4:56  Drone x5  
  73  4:57  Drone  
  73  4:59  Drone x2  
  79  5:01  Extractor  
  79  5:02  Drone  
  79  5:03  Extractor x2  
  79  5:05  Drone x2  
  79  5:11  Drone  
  80  5:15  Drone  
  80  5:17  Drone  
  82  5:24  Evolution Chamber, Overlord  
  82  5:27  Roach x2  
  85  5:30  Roach x3  
  90  5:42  Roach x7  
  99  5:44  Glial Reconstitution  
  99  5:50  Roach x2  
  99  5:53  Overlord  
  99  5:56  Overseer  
  103  6:02  Ravager x3  
  106  6:04  Overlord x2  
  106  6:06  Overlord  
  106  6:11  Overlord  
  106  6:15  Overlord  
  106  6:16  Zerg Missile Weapons Level 1  
  106  6:19  Overlord  
  106  6:24  Ravager  
  110  6:25  Ravager x3  
  110  6:26  Zergling x8  
  110  6:31  Roach  
  110  6:32  Roach x2  
  120  6:45  Roach x5  
  124  6:52  Roach  
  124  6:53  Roach x3  
  131  6:55  Ravager x2  
  134  7:01  Roach x3  
  134  7:06  Zergling x10  
  135  7:15  Roach x4  
  120  7:23  Roach x3  
  120  7:27  Ravager x4, Zergling x4  
  124  7:33  Roach x2  
  124  7:36  Roach  
  124  7:37  Roach  
  118  7:46  Roach x4  
  118  7:50  Infestation Pit  
  121  7:54  Drone x4  
  125  8:02  Roach x3  
  131  8:08  Drone x5  
  136  8:15  Ravager x2  
Show
View Real Time Build Order
Export as new Build Order

Zoun Protoss 

Build Orders: 1 Gate Expand, Colossus Rush 

Get SALT Encoding   

  12  0:00  Probe  
  13  0:12  Probe  
  14  0:20  Pylon  
  14  0:24  Probe  
  15  0:38  Probe (Chrono Boost)  
  15  0:41  Gateway  
  16  0:47  Probe (Chrono Boost)  
  16  0:49  Assimilator  
  17  0:52  Probe (Chrono Boost)  
  18  1:04  Probe  
  19  1:16  Probe  
  20  1:27  Nexus  
  20  1:36  Cybernetics Core  
  20  1:39  Probe  
  21  1:45  Assimilator  
  21  1:51  Probe  
  22  1:54  Pylon  
  22  2:03  Probe  
  23  2:10  Adept (Chrono Boost)  
  25  2:16  Robotics Facility  
  25  2:17  Probe  
  25  2:22  Warp Gate  
  26  2:29  Probe  
  27  2:33  Stalker  
  29  2:38  Probe (Chrono Boost)  
  29  2:41  Probe (Chrono Boost)  
  31  2:51  Probe (Chrono Boost)  
  32  2:57  Gateway  
  32  2:58  Probe (Chrono Boost)  
  33  2:59  Probe (Chrono Boost)  
  33  3:03  Probe (Chrono Boost)  
  35  3:06  Robotics Bay  
  35  3:07  Probe  
  35  3:11  Observer  
  37  3:18  Probe  
  37  3:19  Probe  
  39  3:21  Adept  
  41  3:28  Pylon  
  41  3:30  Probe  
  41  3:31  Probe  
  43  3:34  Warp Prism (Chrono Boost)  
  45  3:42  Probe  
  45  3:46  Probe  
  47  3:49  Assimilator  
  47  3:54  Gravitic Drive  
  47  4:00  Disruptor (Chrono Boost)  
  47  4:02  Probe x2, Pylon  
  52  4:09  Pylon  
  52  4:18  Adept  
  52  4:22  Adept  
  52  4:23  Probe  
  57  4:27  Probe, Disruptor (Chrono Boost)  
  57  4:28  Assimilator  
  61  4:35  Probe  
  61  4:37  Gateway  
  61  4:38  Gateway  
  62  4:42  Probe  
  63  4:47  Probe  
  64  4:57  Colossus (Chrono Boost)  
  64  5:01  Gateway  
  64  5:02  Gateway  
  64  5:05  Gateway  
  70  5:11  Gateway  
  70  5:13  Pylon  
  70  5:21  Pylon  
  70  5:26  Shield Battery  
  70  5:29  Pylon  
  70  5:40  Sentry x4  
  70  5:41  Observer  
  78  5:46  Pylon x2  
  78  6:00  Stalker x3  
  78  6:03  Stalker x3  
  90  6:06  Stalker  
  90  6:08  Zealot  
  94  6:31  Stalker x3  
  94  6:32  Stalker x2  
  104  6:33  Stalker  
  106  6:44  Stalker x2  
  110  6:57  Pylon  
  106  7:02  Disruptor, Pylon  
  106  7:03  Stalker  
  107  7:10  Stalker  
  107  7:15  Stalker  
  109  7:17  Zealot x4  
  107  7:26  Stalker  
  107  7:29  Stalker  
  99  7:37  Stalker x3  
  95  7:56  Stalker x4  
  101  8:00  Observer (Chrono Boost)  
  102  8:12  Stalker  
  102  8:13  Stalker x2  
  102  8:14  Zealot  

Tags
 
Add a new tag
Caveats
  • Supply blocks, unpowered buildings, or Contaminate may cause inaccurate times.
  • Supply counts are checked every 10 seconds.